 Dungeon Crawl Stone Soup version 0.30-a0-696-g2367cd04db (webtiles) character file.

Game seed: 364472343936058796

190347 acebull12 the Executioner (level 17, -8/159 HPs)
             Began as a Minotaur Fighter on Jan 20, 2023.
             Was the Champion of Dithmenos.
             Shot with an arrow by a naga sharpshooter (13 damage)
             ... on level 3 of the Snake Pit.
             The game lasted 00:54:13 (26394 turns).

acebull12 the Executioner (Minotaur Fighter)       Turns: 26394, Time: 00:54:13

Health: -8/159     AC: 22    Str: 37    XL:     17   Next: 97%
Magic:  23/23      EV: 10    Int:  5    God:    Dithmenos [******]
Gold:   2551       SH:  5    Dex: 10    Spells: 16/16 levels left

rFire   . . .      SeeInvis .    U - +8 executioner's axe "Joenk" {spect, *Rage +Blink rElec rC++}
rCold   + + .      Faith    .    (shield currently unavailable)
rNeg    + . .      Spirit   .    V - +6 scale mail of Cowardice {Will+ Regen+}
rPois   +          Reflect  +    (helmet restricted)
rElec   +          Harm     .    c - +0 cloak
rCorr   .          Rampage  .    (no gloves)
Will    +++..      Rage     20%  Z - +1 pair of boots of the Enchanted Forest {rPois Will+ Str+2}
Stlth   ++++                     N - amulet of Ajinewn {Reflect rN+ SH+5 Stlth+}
HPRegen 1.26/turn                R - +4 ring of protection
MPRegen 0.18/turn                y - +6 ring of strength

@: lethally poisoned (-8 -> -9), on berserk cooldown, slowed, wreathed by umbra,
constricted, very slow
A: horns 2, retaliatory headbutt
a: Renounce Religion, Evoke Blink, Shadow Step, Shadow Form


You were on level 3 of the Snake Pit.
You worshipped Dithmenos.
Dithmenos was exalted by your worship.
You visited 4 branches of the dungeon, and saw 25 of its levels.
You also visited: Sewer, Ossuary, Bailey and Ice Cave.

You collected 3120 gold pieces.
You spent 569 gold pieces at shops.

Inventory:

Hand Weapons
 Q - a +6 battleaxe of flaming
 U - the +8 executioner's axe "Joenk" (weapon) {spect, *Rage +Blink rElec rC++}
   (You acquired it in a bailey)

   rC:        It greatly protects you from cold.
   rElec:     It insulates you from electricity.
   +Blink:    It lets you blink.
   *Rage:     It berserks you when you make melee attacks (+20% chance).
Missiles
 a - 12 javelins
 j - 214 stones
 B - 3 boomerangs of dispersal
 H - 20 boomerangs (quivered)
 K - a throwing net
 T - 5 silver javelins
Armour
 c - a +0 cloak (worn)
 V - the +6 scale mail of Cowardice (worn) {Will+ Regen+}
   (You found it in a bailey)

   Regen:     It increases your rate of health regeneration.
   Will:      It increases your willpower.
 Z - the +1 pair of boots of the Enchanted Forest (worn) {rPois Will+ Str+2}
   (You bought it in a shop on level 13 of the Dungeon)

   Str:       It affects your strength (+2).
   rPois:     It protects you from poison.
   Will:      It increases your willpower.
Jewellery
 b - a ring of protection from cold
 l - a ring of ice
 o - an amulet of guardian spirit
 x - a ring of fire
 y - a +6 ring of strength (right hand)
 I - a +4 ring of protection
 N - the amulet of Ajinewn (around neck) {Reflect rN+ SH+5 Stlth+}
   (You acquired it on level 1 of the Snake Pit)

   [amulet of reflection]

   It reflects blocked missile attacks.
   rN:        It protects you from negative energy.
   SH:        It affects your SH (+5).
   Stlth:     It makes you more stealthy.
 R - a +4 ring of protection (left hand)
 X - a ring of fire
Wands
 g - a wand of acid (13)
 s - a wand of flame (31)
 G - a wand of digging (23)
 O - a wand of paralysis (6)
 P - a wand of iceblast (9)
 S - a wand of mindburst (18)
Scrolls
 f - 2 scrolls of brand weapon
 m - 11 scrolls of teleportation
 p - 3 scrolls of poison
 r - 2 scrolls of fog
 u - 2 scrolls of fear
 A - 7 scrolls of enchant armour
 D - a scroll of amnesia
 J - a scroll of blinking
 L - 3 scrolls of magic mapping
 M - 8 scrolls of identify
Potions
 d - 10 potions of might
 e - 3 potions of berserk rage
 h - 3 potions of ambrosia
 i - 6 potions of cancellation
 k - 5 potions of attraction
 n - 4 potions of mutation
 q - 6 potions of lignification
 t - 15 potions of curing
 v - 7 potions of haste
 w - 7 potions of brilliance
 z - 7 potions of resistance
 C - 7 potions of invisibility
 E - 7 potions of heal wounds
 F - 4 potions of flight
 Y - a potion of magic


   Skills:
 + Level 16.4 Fighting
 - Level 24.0 Axes
 * Level 10.5 Throwing
 - Level 10.0 Armour
 + Level 6.9 Dodging
 - Level 4.3 Stealth
 - Level 6.0 Shields
 * Level 10.0 Invocations
 * Level 8.5 Evocations


You had 16 spell levels left.
You didn't know any spells.
Your spell library contained the following spells:

 Spells                   Type           Power      Damage    Failure   Level
 Beastly Appendage        Tmut           0%         N/A       65%         1
 Freeze                   Ice            0%         1d3       65%         1
 Summon Small Mammal      Summ           0%         N/A       65%         1
 Blink                    Tloc           0%         N/A       78%         2
 Cigotuvi's Dreadful Rot  Necr/Pois/Air  0%         N/A       78%         2
 Ensorcelled Hibernation  Hex/Ice        0%         N/A       78%         2
 Lesser Beckoning         Tloc           0%         N/A       78%         2
 Momentum Strike          Conj/Tloc      0%         3d8       78%         2
 Poisonous Vapours        Pois/Air       0%         N/A       78%         2
 Scorch                   Fire           0%         2d5       78%         2
 Wereblood                Tmut           0%         N/A       78%         2
 Call Canine Familiar     Summ           0%         N/A       95%         3
 Dazzling Flash           Conj/Hex       0%         N/A       95%         3
 Frozen Ramparts          Ice            0%         1d1       95%         3
 Hailstorm                Conj/Ice       0%         3d3       95%         3
 Inner Flame              Hex/Fire       0%         N/A       95%         3
 Mephitic Cloud           Conj/Pois/Air  0%         N/A       95%         3
 Spider Form              Tmut/Pois      0%         N/A       95%         3
 Summon Guardian Golem    Hex/Summ       0%         N/A       95%         3
 Anguish                  Hex/Necr       0%         N/A       100%        4
 Animate Dead             Necr           0%         N/A       100%        4
 Cause Fear               Hex            0%         N/A       100%        4
 Flame Wave               Conj/Fire      0%         2d4       100%        4
 Ice Form                 Ice/Tmut       0%         N/A       100%        4
 Iskenderun's Mystic Bla  Conj/Tloc      0%         2d3       100%        4
 Sticky Flame             Conj/Fire      0%         2d3       100%        4
 Summon Ice Beast         Ice/Summ       0%         N/A       100%        4
 Alistair's Intoxication  Tmut/Pois      0%         N/A       100%        5
 Borgnjor's Vile Clutch   Necr/Erth      0%         N/A       100%        5
 Summon Mana Viper        Hex/Summ       0%         N/A       100%        5
 Death Channel            Necr           0%         N/A       100%        6
 Eringya's Noxious Bog    Tmut/Pois      0%         N/A       100%        6
 Simulacrum               Ice/Necr       0%         N/A       100%        6
 Starburst                Conj/Fire      0%         6d3       100%        6
 Summon Cactus Giant      Summ           0%         N/A       100%        6
 Dragon Form              Tmut           0%         N/A       100%        7
 Monstrous Menagerie      Summ           0%         N/A       100%        7
 Dragon's Call            Summ           0%         N/A       100%        9


Dungeon Overview and Level Annotations

Branches:
Dungeon (15/15)            Temple (0/1) D:4            Lair (5/5) D:8
  Swamp (0/4) Lair:3        Snake (3/4) Lair:2        Slime (0/5) Lair:4
    Orc (2/2) D:9             Elf (0/3) Orc:2        Vaults (0/5) D:13
 Depths (0/4) D:15          Sewer (visited)         Ossuary (visited)
 Bailey (visited)           IceCv (visited)

Altars:
Ashenzari
Cheibriados
Dithmenos
Makhleb
Sif Muna
Uskayaw
Wu Jian
The Shining One
Jiyva

Shops:
D:6 !   D:8 (?(   D:9 [   D:13 [[?   Orc:2 [![?!   Snake:1 [??*   Snake:2 *[

Annotations:
D:15 exclusion: ice statue


Innate Abilities, Weirdness & Mutations

You have a pair of horns on your head.
You reflexively headbutt those who attack you in melee.


Message History

You emit a cloud of dark smoke.
The naga grabs you. The naga constricts you.
The naga sharpshooter spits poison at you.
The splash of poison misses you.
The naga mage mumbles some strange words.
The naga mage seems to speed up.
The naga sharpshooter shoots an arrow.
The arrow hits you but does no damage.
You are too injured to fight recklessly!
You are too injured to fight recklessly!
You are too injured to fight recklessly!
You are too injured to fight recklessly!
Blink to where?
Press: ? - help, Dir - move target The naga's grasp on you weakens, but your attempt to escape fails.
As you read the scroll of blinking, it crumbles to dust.
You feel sick.
The naga hits you with a +2 scimitar of holy wrath!!
* * * LOW HITPOINT WARNING * * *
The naga constricts you.
The naga sharpshooter shoots an arrow.
The arrow hits you.
* * * LOW HITPOINT WARNING * * *
The naga sharpshooter shoots an arrow.
The arrow hits you!
* * * LOW HITPOINT WARNING * * *
The naga sharpshooter unwields a +0 battleaxe.
The naga sharpshooter wields a +0 shortbow.
The naga sharpshooter shoots an arrow.
The arrow hits you!
* * * LOW HITPOINT WARNING * * *
The naga barely misses you. The naga constricts you.
* * * LOW HITPOINT WARNING * * *
You feel much better.
You feel sick.
The naga sharpshooter shoots an arrow.
The arrow hits you!
* * * LOW HITPOINT WARNING * * *
The naga sharpshooter shoots an arrow.
The arrow misses you.
The naga sharpshooter gestures wildly while chanting.
The naga sharpshooter magically shoots an arrow.
The arrow hits you but does no damage. The naga spits poison at you.
The splash of poison misses you. The naga constricts you.
* * * LOW HITPOINT WARNING * * *
The naga sharpshooter shoots an arrow.
The arrow hits you!
You die...

####.# ...... . #
#..#.# .....
....#.##.).)##.N.#
.......<.))##..N.#
##......)........#..
.............#....#
.######....§§§# .##
#..##..§§§#####..
..##....§@§NN....
#.......##NNN.....
#...###...§§N.....
.. ............
..[..........
.###..........
#.........#
##.....####


You could see 3 naga sharpshooters and 2 nagas.

Vanquished Creatures
  Jorgrun (D:12)
  Kirke (Lair:4)
  A frost giant (D:15)
  Azrael (D:15)
  Snorg (Orc:1)
  Josephine (D:12)
  2 fire dragons
  9 hydras
  4 catoblepae
  6 anacondas
  7 ogre magi
  2 boulder beetles
  6 centaur warriors
  24 two-headed ogres
  3 death yaks (Lair:5)
  3 naga warriors
  4 tengu warriors
  2 naga sharpshooters (Snake:2)
  2 shock serpents (Snake:2)
  2 orc high priests
  Nergalle (Lair:1)
  Urug (Lair:5)
  A salamander mystic (Snake:2)
  3 sea snakes (Snake:1)
  10 skeletal warriors
  A swamp dragon (Lair:5)
  A wizard (D:14)
  3 naga ritualists
  2 lindwurms (Lair:5)
  Pikel (D:4)
  3 deep elf pyromancers
  An orc knight (D:13)
  An orc sorcerer (Orc:1)
  23 ugly things
  6 mana vipers
  4 salamanders
  6 cyclopes
  14 elephants (Lair:5)
  25 black mambas
  5 manticores
  10 cane toads
  8 naga magi
  2 ice statues (IceCv)
  An orange demon (D:11)
  An unseen horror (D:11)
  2 gargoyles
  6 rime drakes
  An efreet (D:13)
  Maggie (D:10)
  A komodo dragon (shapeshifter) (D:9)
  2 freezing wraiths
  The ghost of wormed the Caller, a novice DsSu (D:5)
  A kobold demonologist (Bailey)
  7 komodo dragons
  2 tengu conjurers
  An ice devil (D:11)
  A red devil (D:11)
  9 trolls
  3 meliai
  A tyrant leech (Lair:3)
  6 hornets
  Grinder (D:4)
  A raiju (shapeshifter) (D:13)
  4 polar bears (Lair:4)
  15 blink frogs
  7 dream sheep (Lair:5)
  A jumping spider (shapeshifter) (D:15)
  15 slime creatures
  A ynoxinul (D:11)
  8 wraiths
  7 wyverns
  18 humans
  A vampire (D:12)
  A hog (Lair:4)
  7 basilisks
  58 yaks
  A death yak simulacrum (D:13)
  3 fire elementals (D:15)
  10 vampire mosquitoes
  A steam dragon (Lair:5)
  15 nagas
  4 acid dragons
  A warg (Orc:1)
  2 swamp worms (Lair:3)
  18 water moccasins
  A hydra simulacrum (IceCv)
  3 hell hounds (D:15)
  2 swamp drakes (Lair:5)
  23 orc warriors
  2 sky beasts (D:7)
  7 black bears
  3 ice beasts
  35 ogres
  51 wolves
  19 centaurs
  A lemure (D:3)
  3 phantoms
  5 kobold brigands
  3 gnoll sergeants
  8 bullfrogs
  2 scorpions (D:4)
  A necrophage (D:6)
  A cane toad simulacrum (D:13)
  4 water moccasin zombies (Ossuary)
  A two-headed ogre simulacrum (D:13)
  5 wights (D:8)
  2 elephant simulacra
  A killer bee (D:10)
  6 electric eels
  4 howler monkeys
  A quasit (D:11)
  2 jellies
  5 hounds
  9 iguanas
  12 orc priests
  Jessica (D:3)
  Natasha (thrice) (D:2)
  15 orc wizards
  3 spriggan simulacra (D:13)
  A troll simulacrum (D:13)
  2 polar bear simulacra (IceCv)
  A wolf simulacrum (IceCv)
  2 mummies (Ossuary)
  13 adders
  13 gnolls
  2 river rats
  3 shadow imps
  A white imp (D:8)
  3 ufetubi
  6 adder zombies (Ossuary)
  4 worms
  2 dart slugs
  69 orcs
  11 ball pythons
  8 endoplasms
  5 giant cockroaches
  3 gnoll zombies (Ossuary)
  12 hobgoblins
  11 jackals
  6 quokkas
  3 bats
  10 frilled lizards
  12 goblins
  3 hobgoblin zombies (Ossuary)
  24 kobolds
  7 kobold zombies (Ossuary)
  2 orc zombies (Ossuary)
  13 rats
  A plant (Lair:5)
958 creatures vanquished.

Vanquished Creatures (others)
  31 fungi
  51 plants
82 creatures vanquished.

Grand Total: 1040 creatures vanquished

Notes
Turn   | Place    | Note
-------+----------+-------------------------------------------
     0 | D:1      | acebull12 the Minotaur Fighter began the quest for the Orb.
     0 | D:1      | Reached XP level 1. HP: 19/19 MP: 0/0
   121 | D:1      | Found a faded altar of an unknown god.
   145 | D:1      | Prayed at the altar of an unknown god.
   145 | D:1      | Became a worshipper of Dithmenos the Shadowed
   145 | D:1      | Reached * piety under Dithmenos
   159 | D:1      | Reached XP level 2. HP: 27/27 MP: 1/1
   697 | D:2      | Noticed Natasha
   707 | D:2      | Killed Natasha
   708 | D:2      | Reached skill level 3 in Axes
   708 | D:2      | Reached XP level 3. HP: 23/33 MP: 2/2
   728 | D:2      | Noticed Natasha
   736 | D:2      | Killed Natasha
   737 | D:2      | Reached XP level 4. HP: 16/40 MP: 3/3
   752 | D:2      | Noticed Natasha
   759 | D:2      | Killed Natasha
   763 | D:2      | Reached skill level 4 in Axes
   938 | D:2      | Reached ** piety under Dithmenos
   961 | D:2      | Reached skill level 5 in Armour
  1006 | D:2      | Reached XP level 5. HP: 46/46 MP: 4/4
  1411 | D:3      | Noticed Jessica
  1419 | D:3      | Killed Jessica
  1420 | D:3      | Reached skill level 5 in Axes
  1497 | D:3      | Found a glowing drain.
  1517 | Sewer    | Entered a sewer
  1530 | Sewer    | Reached *** piety under Dithmenos
  1585 | Sewer    | Reached XP level 6. HP: 52/52 MP: 5/5
  2254 | D:4      | Noticed Pikel
  2479 | D:4      | Noticed Grinder
  2480 | D:4      | Paralysed by Grinder for 2 turns
  2501 | D:4      | Reached skill level 6 in Axes
  2505 | D:4      | Killed Grinder
  2506 | D:4      | Reached skill level 1 in Dodging
  2506 | D:4      | Reached skill level 5 in Shields
  2506 | D:4      | Reached XP level 7. HP: 36/60 MP: 4/6
  2507 | D:4      | Found a staircase to the Ecumenical Temple.
  2507 | D:4      | Identified the +2 leather armour "Jokhosm" {rN++}
  2735 | D:4      | Found a glowing golden altar of the Shining One.
  2813 | D:4      | Reached skill level 7 in Axes
  2959 | D:4      | Killed Pikel
  2960 | D:4      | Reached skill level 8 in Axes
  2960 | D:4      | Reached XP level 8. HP: 46/67 MP: 5/7
  2963 | D:4      | Reached **** piety under Dithmenos
  3467 | D:5      | Entered Level 5 of the Dungeon
  3585 | D:5      | Reached skill level 9 in Axes
  3689 | D:5      | Found a runed translucent door.
  3689 | D:5      | Noticed wormed's ghost (novice DsSu)
  3988 | D:5      | Reached skill level 5 in Fighting
  4101 | D:5      | Reached skill level 10 in Axes
  4668 | D:5      | Killed wormed's ghost
  4669 | D:5      | Reached XP level 9. HP: 49/74 MP: 6/8
  4798 | D:6      | Found a sand-covered staircase.
  4804 | Ossuary  | Entered an ossuary
  5196 | D:6      | Reached skill level 11 in Axes
  5650 | D:6      | Found Yggefec's Distillery.
  6239 | D:7      | Reached skill level 12 in Axes
  6587 | D:7      | Noticed a troll
  6594 | D:7      | Killed a troll
  6971 | D:7      | Found an ornate altar of the Wu Jian Council.
  6992 | D:7      | Reached ***** piety under Dithmenos
  6998 | D:7      | Reached XP level 10. HP: 71/84 MP: 7/9
  7004 | D:7      | Reached skill level 1 in Stealth
  7014 | D:7      | Reached skill level 13 in Axes
  7299 | D:7      | Reached skill level 10 in Armour
  7390 | D:8      | Found Erphof's Magic Scroll Boutique.
  7444 | D:8      | Found Sofa's Weapon Emporium.
  7611 | D:8      | Bought a scroll of brand weapon for 142 gold pieces
  7669 | D:8      | Found a hide-covered altar of Uskayaw.
  7672 | D:8      | Found a staircase to the Lair.
  7717 | D:8      | Found a flagged portal.
  7731 | Bailey   | Entered a bailey
  7878 | Bailey   | Noticed an orc high priest
  7888 | Bailey   | Killed an orc high priest
  7889 | Bailey   | Reached skill level 14 in Axes
  8149 | Bailey   | Acquired the +8 executioner's axe "Joenk" {spect, *Rage
                  | +Blink rElec rC++}
  8338 | Bailey   | Found an iron altar of Okawaru.
  8364 | Bailey   | Identified the +6 scale mail of Cowardice {Will+ Regen+}
  8832 | D:8      | Reached skill level 15 in Axes
  8912 | D:8      | You fall into a shaft and drop 1 floor!
  9167 | D:8      | Found Biozid's Antique Weapon Shop.
  9276 | D:8      | Reached XP level 11. HP: 94/94 MP: 10/10
  9462 | D:9      | Found a staircase to the Orcish Mines.
  9470 | D:9      | Noticed a brown ugly thing
  9514 | D:9      | Reached skill level 16 in Axes
  9515 | D:9      | Killed a brown ugly thing
  9575 | D:9      | Noticed a deep elf pyromancer
  9578 | D:9      | Noticed a skeletal warrior
  9579 | D:9      | Killed a deep elf pyromancer
  9586 | D:9      | Reached ****** piety under Dithmenos
  9586 | D:9      | Killed a skeletal warrior
  9587 | D:9      | Reached skill level 17 in Axes
  9797 | D:9      | Found Nimisyuz's Antique Armour Emporium.
  9853 | D:9      | Found a burning altar of Makhleb.
 10076 | D:10     | Entered Level 10 of the Dungeon
 10178 | D:10     | Noticed Maggie
 10185 | D:10     | Killed Maggie
 10214 | D:10     | Noticed an ogre mage
 10216 | D:10     | Killed an ogre mage
 10250 | D:10     | Reached skill level 1 in Throwing
 10252 | D:10     | Reached skill level 1 in Invocations
 10414 | D:10     | Found a shimmering blue altar of Sif Muna.
 10420 | D:10     | Reached skill level 1 in Evocations
 10521 | D:10     | Noticed a two-headed ogre
 10525 | D:10     | Killed a two-headed ogre
 10529 | D:10     | Reached skill level 18 in Axes
 10529 | D:10     | Reached XP level 12. HP: 75/104 MP: 7/12
 11393 | D:11     | Noticed a two-headed ogre
 11397 | D:11     | Killed a two-headed ogre
 11593 | D:11     | Reached skill level 19 in Axes
 11628 | D:11     | Noticed a two-headed ogre
 11635 | D:11     | Killed a two-headed ogre
 11702 | D:11     | Noticed a boulder beetle
 11714 | D:11     | Killed a boulder beetle
 11954 | D:12     | Noticed a centaur warrior
 12029 | D:12     | Noticed Josephine
 12033 | D:12     | Killed Josephine
 12150 | D:12     | Killed a centaur warrior
 12353 | D:12     | Noticed a two-headed ogre
 12358 | D:12     | Killed a two-headed ogre
 12359 | D:12     | Reached skill level 10 in Fighting
 12439 | D:12     | Reached XP level 13. HP: 113/113 MP: 14/14
 12489 | D:12     | Noticed a fire dragon
 12495 | D:12     | Killed a fire dragon
 12557 | D:12     | Reached skill level 20 in Axes
 12756 | D:12     | Noticed Jorgrun
 12764 | D:12     | Killed Jorgrun
 13129 | D:12     | Found a snail-covered altar of Cheibriados.
 13264 | D:13     | Found a gate to the Vaults.
 13270 | D:13     | Reached skill level 5 in Dodging
 13297 | D:13     | Found Hugehi's Armour Boutique.
 13313 | D:13     | Found Tetufoom's Antique Armour Shop.
 13381 | D:13     | Found a frozen archway.
 13385 | D:13     | Reached skill level 21 in Axes
 13437 | IceCv    | Entered an ice cave
 13449 | IceCv    | Found a transporter.
 13464 | IceCv    | Found a transporter.
 13598 | D:13     | Reached skill level 5 in Throwing
 14003 | D:13     | Bought the +1 pair of boots of the Enchanted Forest {rPois
                  | Will+ Str+2} for 427 gold pieces
 14085 | D:13     | Reached XP level 14. HP: 122/122 MP: 16/16
 14151 | D:13     | Found Jainaed's Magic Scroll Boutique.
 14868 | D:14     | Reached skill level 5 in Invocations
 14976 | D:14     | Reached skill level 22 in Axes
 15125 | D:14     | Reached skill level 5 in Evocations
 15493 | D:15     | Entered Level 15 of the Dungeon
 15794 | D:15     | Found a staircase to the Depths.
 15794 | D:15     | Noticed a frost giant
 15798 | D:15     | Killed a frost giant
 15899 | D:15     | Noticed Azrael
 15908 | D:15     | Killed Azrael
 16022 | D:15     | Reached skill level 23 in Axes
 16885 | Lair:1   | Entered Level 1 of the Lair of Beasts
 17069 | Lair:1   | Noticed Nergalle
 17074 | Lair:1   | Killed Nergalle
 17908 | Lair:2   | Found a staircase to the Snake Pit.
 17913 | Lair:2   | Reached XP level 15. HP: 132/132 MP: 16/18
 18640 | Snake:1  | Entered Level 1 of the Snake Pit
 18682 | Snake:1  | Found Hinuemn's Magic Scroll Shop.
 18727 | Snake:1  | Acquired the amulet of Ajinewn {Reflect rN+ SH+5 Stlth+}
 18852 | Snake:1  | Identified the +0 ring mail of the Lair of Beasts {rC+++
                  | Will+ MP+9 Dex-3}
 18936 | Snake:1  | Found Remec's Magic Scroll Boutique.
 19062 | Snake:1  | Found Vuyph's Antique Armour Shop.
 19185 | Snake:1  | Found Saif's Overcharged Wands.
 19952 | Lair:3   | Reached skill level 24 in Axes
 21252 | Lair:3   | Found a staircase to the Swamp.
 21637 | Lair:4   | Noticed Kirke
 21642 | Lair:4   | Killed Kirke
 21778 | Lair:4   | Found a staircase to the Slime Pits.
 21778 | Lair:4   | Found a viscous altar of Jiyva.
 22174 | Lair:4   | Identified the +6 hand axe "Osoheokk" {protect, *Rage rN+
                  | Dex+2}
 22437 | Lair:5   | Entered Level 5 of the Lair of Beasts
 22553 | Lair:5   | Found a broken altar of Ashenzari.
 22819 | Lair:5   | Reached XP level 16. HP: 143/144 MP: 20/20
 22879 | Lair:5   | Noticed Urug
 22886 | Lair:5   | Killed Urug
 22926 | Lair:5   | Reached XP level 17. HP: 151/151 MP: 20/22
 22962 | Lair:5   | Identified the +3 leather armour of Sazetaet {Regen+ Str+2
                  | Dex+3}
 23760 | Orc:1    | Entered Level 1 of the Orcish Mines
 23889 | Orc:1    | Noticed Snorg
 23894 | Orc:1    | Killed Snorg
 24010 | Orc:2    | Entered Level 2 of the Orcish Mines
 24078 | Orc:2    | Found Qemiat's Armour Shoppe.
 24342 | Orc:2    | Reached skill level 10 in Throwing
 24345 | Orc:2    | Reached skill level 15 in Fighting
 24350 | Orc:2    | Found Neruyqet's Distillery.
 24350 | Orc:2    | Found Kiekhaas's Armour Emporium.
 24358 | Orc:2    | Found Pywawk's Magic Scroll Emporium.
 24358 | Orc:2    | Found Sinacwir's Distillery.
 24564 | Orc:2    | Found a staircase to the Elven Halls.
 25297 | Snake:2  | Found Jyakah's Antique Armour Boutique.
 26000 | Snake:2  | Found Bariononn's Neck Hole.
 26384 | Snake:3  | Reached skill level 10 in Invocations
 26393 | Snake:3  | HP: 5/159 [naga sharpshooter/arrow (11)]
 26394 | Snake:3  | Shot with an arrow by a naga sharpshooter

Illustrated notes

Levels and vault maps discovered:
D:1:      co_arrival_random_square_maze, layout_loops_ring,
          dreamdust_ecumenical_altar_grove
D:2:      layout_rooms, minmay_cut_off, uniq_natasha
D:3:      layout_basic, portal_sewer_entry_b, minmay_misc_feat_enclosed,
          uniq_jessica
D:4:      layout_basic, mainiacjoe_overflow_alcove_4,
          minmay_temple_entry_drinking_statues, grunt_ministairs_7,
          chequers_serial_rivers_room_a, uniq_pikel, uniq_grinder
D:5:      layout_gridville, gammafunk_ghost_grave, kennysheep_dice
D:6:      layout_basic, serial_rivers, chequers_serial_rivers_small_3,
          chequers_serial_rivers_micro_b, chequers_serial_rivers_micro_a,
          chequers_serial_rivers_micro_d, chequers_serial_rivers_small_a,
          chequers_serial_rivers_room_b, enter_ossuary_2, serial_shops, shop
D:7:      layout_cave_pods, general_overflow_altar
D:8:      layout_cave_pools, mainiacjoe_overflow_alcove_1, lair_entry_dummy,
          serial_shops, shop, shop, shop, enter_bailey_3, serial_rivers,
          chequers_serial_rivers_small_3, chequers_serial_rivers_micro_d,
          chequers_serial_rivers_large_b, chequers_serial_rivers_micro_c,
          chequers_serial_rivers_micro_b, eino_small_chamber_without_monster,
          st_stairs_11, nrook_uturn
D:9:      minmay_cut_squares, layout_loops_ring,
          mainiacjoe_overflow_surrounded_room, david_orc_5, serial_shops,
          nicolae_shop_behind_doors
D:10:     minmay_distorted_concentric_squares, layout_basic,
          kennysheep_orc_sif_temple, uniq_maggie
D:11:     layout_big_octagon, serial_demonic, serial_demonic_b,
          serial_demonic_b, serial_demonic_d, serial_demonic_a, pond
D:12:     four-leaf_vault, layout_cave_pods, cheibriados_altar_1,
          uniq_josephine, uniq_jorgrun
D:13:     minmay_inner_zag, layout_small_grid, david_vaults_3,
          portal_ice_cave_entry_ice_simulacra, serial_shops,
          nicolae_shop_statue_plus, nicolae_square_shop,
          nicolae_shop_advertising_works [nicolae_subvault_shop_adworks]
D:14:     layout_irregular_city, hangedman_decor_slide_cut
D:15:     grunt_enter_depths_snipers, layout_irregular_city,
          minmay_strange_pillars, roderic_lattice_a, minivault_15, uniq_azrael
Lair:1:   layout_gridlike, grunt_megastairs_5, serial_bayou_shore_b,
          uniq_nergalle
Lair:2:   layout_regular_city, minmay_snake_entry_six_corridors, minmay_holes,
          minivault_23, beast_lair_carwin_4
Lair:3:   layout_regular_city, palyth_hydra_swamp_entry
Lair:4:   layout_cave_pods, slime_entry_1, grunt_forest_large_clearings,
          uniq_kirke
Lair:5:   guppyfry_lair_end_dragon, layout_cave_pods, hangedman_lair_in_review,
          basic_altar, uniq_urug
Snake:1:  layout_honeycomb, nicolae_shop_overcharged_wands, minmay_shop_star,
          serial_bayou_shore_a
Snake:2:  layout_chambers, serial_shops, nicolae_shop_crystal,
          nicolae_shop_sticking_my_neck_out, grunt_megastairs_3
Snake:3:  layout_onion_interference, gammafunk_ghost_necromancy,
          lemuel_fruit_tree
Orc:1:    layout_caves, uniq_snorg
Orc:2:    st_orc_ogre_mass, layout_caves, serial_shops, nicolae_shop_crystal

Skill      XL: |  1  2  3  4  5  6  7  8  9 10 11 12 13 14 15 16 17 |
---------------+----------------------------------------------------+-----
Armour         | 4 5 6 7 8 9 10 | 10.0
Axes           | 3 4 5 6 8 10 12 15 18 19 21 23 24 | 24.0
Shields        | 4 5 6 |  6.0
Fighting       | 4 5 6 7 9 10 11 13 16 | 16.4
Dodging        | 1 2 3 4 5 6 |  6.9
Stealth        | 1 2 4 |  4.3
Throwing       | 1 3 5 6 8 9 10 | 10.5
Invocations    | 1 3 4 6 7 8 10 | 10.0
Evocations     | 1 3 4 5 7 8 |  8.5

Action                   |  1- 3 |  4- 6 |  7- 9 | 10-12 | 13-15 | 16-18 || total
-------------------------+-------+-------+-------+-------+-------+-------++-------
Melee: War axe           |    39 |   187 |   269 |    88 |       |       ||   583
       Headbutt          |     2 |    21 |    55 |    50 |    92 |    41 ||   261
       Executioner's axe |       |       |       |   206 |   491 |   217 ||   914
       Battleaxe         |       |       |       |       |     6 |     3 ||     9
Throw: Boomerang         |       |       |       |       |    28 |    14 ||    42
Invok: Shadow Step       |       |       |     1 |       |       |       ||     1
  Use: Scroll            |       |     6 |     4 |     7 |    18 |     5 ||    40
       Potion            |       |       |     2 |       |       |     2 ||     4
 Stab: Distracted        |       |       |       |     1 |    11 |     8 ||    20
       Sleeping          |       |       |       |       |     7 |    10 ||    17
Armor: Scale mail        |    17 |    73 |    54 |    98 |   215 |    78 ||   535
Dodge: Dodged            |    21 |   102 |   131 |   180 |   243 |   103 ||   780
Block: Buckler           |     7 |    52 |    63 |    15 |       |       ||   137
       Other             |       |       |       |       |    25 |    23 ||    48
       Reflection        |       |       |       |       |     1 |       ||     1

Table legend: (Time is in decaauts)
 A = Elapsed time spent in this place.
 B = Non-inter-level travel time spent in this place.
 C = Inter-level travel time spent in this place.
 D = Time resting spent in this place.
 E = Time spent auto-exploring this place.
 F = Levels seen in this place.
 G = Mean time per level.
                   A        B        C        D        E       F      G
               +--------+--------+--------+--------+--------+-----+--------+
         Total |  27321 |  25235 |   2086 |   4618 |  15901 |  29 |  942.1 |
       Dungeon |  16122 |  14564 |   1558 |   2478 |   9446 |  15 | 1074.8 |
          Lair |   5592 |   5156 |    436 |    841 |   3490 |   5 | 1118.4 |
     Snake Pit |   2521 |   2472 |     49 |    441 |   1647 |   3 |  840.3 |
  Orcish Mines |   1249 |   1208 |     41 |    249 |    742 |   2 |  624.5 |
         Sewer |    407 |    407 |      0 |      0 |    272 |   1 |  407.0 |
       Ossuary |    272 |    272 |      0 |    111 |     47 |   1 |  272.0 |
        Bailey |   1066 |   1066 |      0 |    477 |    255 |   1 | 1066.0 |
      Ice Cave |     89 |     89 |      0 |     19 |      0 |   1 |   89.0 |
               +--------+--------+--------+--------+--------+-----+--------+

Top non-repeatable levels by time:
    D:10: 1520 daAuts
    D:12: 1441 daAuts
    D:15: 1381 daAuts
 Snake:2: 1368 daAuts
     D:6: 1361 daAuts
     D:5: 1314 daAuts
  Lair:3: 1236 daAuts
  Lair:5: 1231 daAuts
     D:8: 1160 daAuts
 Snake:1: 1139 daAuts
     D:4: 1080 daAuts
  Lair:4: 1068 daAuts
  Bailey: 1066 daAuts
    D:14: 1049 daAuts
  Lair:2: 1041 daAuts
